 Dungeon Crawl Stone Soup version 0.27.1-34-g3ba077fa99 (webtiles) character file.

Game seed: 10009976520342024106

34 mtoz the Sneak (level 3, -4/19 HPs)
             Began as a Kobold Earth Elementalist on Jan 8, 2022.
             Slain by an adder (5 damage)
             ... on level 2 of the Dungeon.
             The game lasted 00:17:05 (1530 turns).

mtoz the Sneak (Kobold Earth Elementalist)          Turns: 1530, Time: 00:17:06

Health: -4/19      AC:  2    Str:  6    XL:     3   Next: 50%
Magic:  3/6        EV: 15    Int: 16    God:
Gold:   51         SH:  0    Dex: 15    Spells: 1/7 levels left

rFire    . . .     SeeInvis .   e - +0 short sword (drain)
rCold    . . .     Faith    .   (shield restricted)
rNeg     . . .     Spirit   .   b - +0 robe
rPois    .         Reflect  .   (no helmet)
rElec    .         Harm     .   (no cloak)
rCorr    .         Rampage  .   (no gloves)
Will     .....                  (no boots)
Stlth    +++.......             (no amulet)
HPRegen  0.06/turn              (no ring)
MPRegen  0.10/turn              (no ring)

@: lethally poisoned (-4 -> -7), very slightly contaminated
A: small, no large weapons, nightstalker 3
a: no special abilities


You were on level 2 of the Dungeon.
You visited 1 branch of the dungeon, and saw 2 of its levels.

You collected 51 gold pieces.

Inventory:

Hand Weapons
 e - a +0 short sword of draining (weapon)
 f - a +0 whip
 g - a +0 dagger
 h - a +0 hand axe
Armour
 b - a +0 robe (worn)
 i - a +0 leather armour
Scrolls
 a - a scroll of enchant weapon
Potions
 c - a potion of heal wounds
 d - a potion of curing


   Skills:
 + Level 2.9 Dodging
 + Level 3.3 Stealth
 + Level 2.5 Spellcasting
 + Level 1.6 Transmutations
 + Level 3.2 Earth Magic


You had one spell level left.
You knew the following spells:

 Your Spells              Type           Power      Damage    Failure   Level
a - Sandblast             Erth           24%        2d8       5%          1
b - Passwall              Tmut/Erth      7%         N/A       11%         2
c - Stone Arrow           Conj/Erth      14%        3d7       30%         3

Your spell library contained the following spells:

 Spells                   Type           Power      Damage    Failure   Level
 Petrify                  Tmut/Erth      9%         N/A       56%         4


Dungeon Overview and Level Annotations

Branches:
Dungeon (2/15)

Altars:

Shops:
D:1 !


Innate Abilities, Weirdness & Mutations

You are small and have problems with some larger weapons.
You are completely attuned to the shadows.


Message History

The adder hisses angrily.
You closely miss the adder. The adder bites you.
You are poisoned.
The adder poisons you!
You feel sick.
You hit the adder.
The adder is moderately wounded.
You feel sick. The adder bites you. x2
You hit the adder but do no damage.
The adder is moderately wounded.
You feel sick. The adder closely misses you.
You are too injured to fight recklessly!
You feel sick.
You are no longer poisoned.
The adder bites you.
You closely miss the adder.
The adder is moderately wounded.
The adder misses you.
You closely miss the adder.
The adder is moderately wounded.
The adder barely misses you. The adder closely misses you.
Sorry, you're not good enough to have a special ability.
Unknown command.
Casting: Sandblast (safe; 5% risk of failure)
Confirm with . or Enter, or press ? or * to list all spells.
The spell is potentially lethal to cast (30% risk of failure)!
Continue anyway?
Aiming: Stone Arrow (potentially lethal; 30% risk of failure)
Press: ? - help, Shift-Dir - straight line, f - adder
Aim: an adder (moderately wounded, 43% to hit)
You miscast Stone Arrow.
You are very lightly contaminated with residual magic.
Nothing appears to happen.
The adder bites you.
* * * LOW HITPOINT WARNING * * *
You are lethally poisoned!
The adder poisons you!
You barely miss the adder.
The adder is moderately wounded.
* * * LOW HITPOINT WARNING * * *
You feel sick. The adder bites you.
You die...

#######
#...<.#
#....##.#
#.....#.####
#.....#.....
##.####...(.
#...@S.....
######.....
#.....
#.....
#.....


You could see an adder.

Vanquished Creatures
  3 ball pythons (D:1)
  An endoplasm (D:1)
  4 hobgoblins (D:1)
  4 jackals (D:1)
  3 kobolds (D:1)
  2 quokkas (D:1)
  2 frilled lizards (D:1)
  7 goblins (D:1)
  2 rats (D:1)
28 creatures vanquished.

Notes
Turn   | Place    | Note
-------+----------+-------------------------------------------
     0 | D:1      | mtoz the Kobold Earth Elementalist began the quest for the
                  | Orb.
     0 | D:1      | Reached XP level 1. HP: 10/10 MP: 3/3
   166 | D:1      | Reached XP level 2. HP: 15/15 MP: 0/5
   221 | D:1      | Found Okhliuv's Distillery.
   347 | D:1      | Learned a level 2 spell: Passwall
   625 | D:1      | Reached XP level 3. HP: 19/19 MP: 3/6
  1042 | D:1      | Learned a level 3 spell: Stone Arrow
  1530 | D:2      | Slain by an adder

Illustrated notes

Levels and vault maps discovered:
D:1:      heliophobic_arrival_ceremonial_halls, layout_loops_ring, serial_shops,
          nicolae_diamond_shop, grunt_decor_fettered
D:2:      layout_basic, basic_altar

Skill      XL: |  1  2 |
---------------+-------+-----
Stealth        | 3 |  3.3
Dodging        | |  2.9
Spellcasting   | |  2.5
Transmutations | |  1.6
Earth Magic    | |  3.2

Action                   || total
-------------------------++-------
Melee: Short sword       ||    25
 Cast: Sandblast         ||    30
       Passwall          ||     5
       Stone Arrow       ||     1
  Use: Scroll            ||     4
Armor: Robe              ||     3
Dodge: Dodged            ||    29
